 Dungeon Crawl Stone Soup version 0.27-a0-1200-g94dc6ad4cf (webtiles) character file.

Game seed: 7319627236895277030

93071 Kinoniko the Fencer (level 15, -9/138 HPs)
             Began as a Palentonga Berserker on June 1, 2021.
             Was the Champion of Trog.
             Mangled by a two-headed ogre
             ... wielding a +0 giant club
              (14 damage)
             ... on level 2 of the Orcish Mines.
             The game lasted 00:30:30 (21432 turns).

Kinoniko the Fencer (Palentonga Berserker)         Turns: 21432, Time: 00:30:31

Health: -9/138     AC: 31    Str: 23    XL:     15   Next: 59%
Magic:  15/15      EV:  8    Int: 10    God:    Trog [******]
Gold:   1602       SH:  0    Dex: 19    Spells: 14/14 levels left

rFire    . . .     SeeInvis +   J - +8 demon blade "Leech" {vamp, *Rage +Rage rN+}
rCold    + . .     Faith    .   (no shield)
rNeg     + + .     Spirit   .   y - +6 chain mail of the Abyss {Dex+4}
rPois    .         Reflect  .   (no helmet)
rElec    +         Harm     .   c - +0 cloak
rCorr    .         Rampage  .   (no gloves)
Will     +....     Rnd*Rage +   f - +2 barding {rC+}
Stlth    ..........             o - amulet of regeneration
HPRegen  1.33/turn              N - ring of Ereuff {rElec rN+ Dex+4}
MPRegen  0.14/turn              E - +4 ring of slaying

@: about to teleport, on berserk cooldown, very slightly contaminated, slowed,
invisible, curled up, very slow
A: large, rugged brown scales 3, see invisible, deformed body, roll 1, armoured
tail, reflexive curl
a: Rolling Charge, Renounce Religion, Evoke Berserk Rage, Berserk, Trog's Hand,
Brothers in Arms


You were on level 2 of the Orcish Mines.
You worshipped Trog.
Trog was exalted by your worship.
You visited 4 branches of the dungeon, and saw 22 of its levels.
You visited the Abyss 1 time.
You also visited: Sewer.

You collected 2133 gold pieces.
You spent 531 gold pieces at shops.

Inventory:

Hand Weapons
 J - the +8 demon blade "Leech" (weapon) {vamp, *Rage +Rage rN+}
   (You found it on level 2 of the Lair of Beasts)

   It inflicts no extra harm, but heals its wielder when it wounds a living foe.
   It protects you from negative energy.
   It lets you go berserk.
   It may make you go berserk in combat.
Missiles
 a - 7 throwing nets
 m - 20 boomerangs of dispersal
 G - 8 atropa-tipped darts
 L - 5 curare-tipped darts
Armour
 c - a +0 cloak (worn)
 f - a +2 barding of cold resistance (worn)
 v - a +4 chain mail
 y - the +6 chain mail of the Abyss (worn) {Dex+4}
   (You bought it in a shop on level 13 of the Dungeon)

   It affects your dexterity (+4).
Jewellery
 i - a ring of resist corrosion
 l - an amulet of reflection
 o - an amulet of regeneration (around neck)
 x - a +6 ring of dexterity
 z - a +4 ring of evasion
 B - an amulet of faith
 E - a +4 ring of slaying (right hand)
 N - the ring of Ereuff (left hand) {rElec rN+ Dex+4}
   (You found it on level 5 of the Lair of Beasts)

   [ring of positive energy]

   It affects your dexterity (+4).
   It insulates you from electricity.
   It protects you from negative energy.
 R - a +4 ring of evasion
Wands
 h - a wand of acid (33)
 k - a wand of iceblast (14)
 r - a wand of mindburst (19)
 s - a wand of flame (45)
 A - a wand of digging (4)
 S - a wand of charming (30)
Scrolls
 d - a scroll of brand weapon
 p - 3 scrolls of fear
 q - 3 scrolls of fog
 H - a scroll of summoning
 K - 2 scrolls of teleportation
 O - 4 scrolls of magic mapping
 P - a scroll of torment
 Q - 4 scrolls of identify
 U - a scroll of immolation
 V - a scroll of enchant armour
Potions
 b - a potion of resistance
 e - 9 potions of curing
 g - 3 potions of flight
 j - 2 potions of berserk rage
 n - 2 potions of cancellation
 t - 2 potions of magic
 u - 5 potions of lignification
 w - 2 potions of mutation
 D - 2 potions of attraction
Miscellaneous
 T - a condenser vane


   Skills:
 * Level 15.2 Fighting
 - Level 17.7 Long Blades
 + Level 7.9 Armour
 + Level 7.9 Dodging
 * Level 7.1 Evocations


You had 14 spell levels left.
You didn't know any spells.
Your spell library contained the following spells:

 Spells                   Type           Power      Damage    Failure   Level
 Beastly Appendage        Tmut           0%         N/A       94%         1
 Foxfire                  Conj/Fire      0%         2x1d4     94%         1
 Summon Small Mammal      Summ           0%         N/A       94%         1
 Call Imp                 Summ           0%         N/A       98%         2
 Wereblood                Tmut           0%         N/A       98%         2
 Call Canine Familiar     Summ           0%         N/A       100%        3
 Spider Form              Tmut/Pois      0%         N/A       100%        3
 Animate Armour           Summ/Erth      0%         N/A       100%        4
 Ice Form                 Ice/Tmut       0%         N/A       100%        4
 Hydra Form               Tmut           0%         N/A       100%        5
 Dragon's Call            Summ           0%         N/A       100%        9


Dungeon Overview and Level Annotations

Branches:
Dungeon (13/15)            Temple (1/1) D:4            Lair (6/6) D:9
 Shoals (0/4) Lair:4       Spider (0/4) Lair:2        Slime (0/5) Lair:5
    Orc (2/2) D:11            Elf (0/3) Orc:2        Vaults (0/5) D:13
  Sewer (visited)

Altars:
Ashenzari
Cheibriados
Dithmenos
Elyvilon
Fedhas
Gozag
Hepliaklqana
Kikubaaqudgha
Makhleb
Nemelex Xobeh
Okawaru
Qazlal
Ru
Sif Muna
Trog
Uskayaw
Vehumet
Wu Jian
Xom
Yredelemnul
Zin
The Shining One

Shops:
D:2 [   D:7 !   D:8 *   D:9 (   D:11 *   D:13 [

Annotations:
D:13 1 runed translucent door
Lair:1 exclusion: 2 oklob plants


Innate Abilities, Weirdness & Mutations

You are completely covered in rugged brown scales. (AC +3, +7% HP)
You have supernaturally acute eyesight. (SInv)
Armour fits poorly on your strangely shaped body.
You can roll at nearby foes to attack.
You have a long armoured tail.
You curl defensively after being hit.


Message History

The two-headed ogre hits you but does no damage.
The ogre mage hits you but does no damage. x2
You can move again.
Unknown command.
As you read the scroll of fear, it crumbles to dust.
You assume a fearsome visage.
The two-headed ogre resists with some effort. x2
The ogre looks frightened!
The two-headed ogre looks frightened! x2
The ogre mage looks frightened!
The ogre looks frightened! x4
The ogre mage looks frightened!
The ogre looks frightened! x3
The ogre mage howls in fear.
The ogre cries, "Mercy!"; The ogre cries, "Meeeeep!"
The ogre mage pleads, "Why can't we all just get along?"
The two-headed ogre hits you but does no damage.
The two-headed ogre closely misses you.
The two-headed ogre prays for help.
The ogre shouts!
The two-headed ogre cries, "Oh dear!
Oh dear!"
The ogre gives up.
The ogre prays for help.
The two-headed ogre pleads, "Why can't we all just get along?"
The ogre mage hits you with a +0 club.
* * * LOW HITPOINT WARNING * * *
Unknown command.
Okay, then.
You feel much better.
The ogre shouts!
The ogre mage hits you but does no damage.
As you read the scroll of teleportation, it crumbles to dust.
You feel strangely unstable.
The ogre mage hits you but does no damage.
The ogre mage gestures at itself while chanting.
The ogre mage flickers and vanishes for a moment.
The ogre mage gestures at you while chanting.
The bolt of magma hits you!!
* * * LOW HITPOINT WARNING * * *
The two-headed ogre hits you with a +0 giant club.
* * * LOW HITPOINT WARNING * * *
The two-headed ogre hits you with a +0 giant spiked club!
You die...

.....# .....
..OOO# .....
....O# ......
OO..# ......
O.O.# ......#
.OO#
.......###OO###..
.......O.)OO.....
.....#.@OO).O..O#
......###)#######
.#......#...#
........#...#
....#......##
#........##
#.......#####
##.#.#)..#..###
##...#.#.....#


You could see 5 two-headed ogres, 2 ogre magi and 5 ogres.

Vanquished Creatures
  A tentacled starspawn (Abyss:2)
  A starcursed mass (Abyss:2)
  A red draconian (Abyss:2)
  Snorg (Lair:5)
  4 vault guards (D:13)
  Harold (D:8)
  3 catoblepae (Lair:6)
  6 boulder beetles
  6 hydras
  2 ogre magi
  15 death yaks
  A centaur warrior (D:13)
  15 two-headed ogres
  2 thrashing horrors (Abyss:2)
  A tengu warrior (D:11)
  Sonja (Lair:3)
  An orc high priest (Orc:1)
  4 large abominations (Abyss:2)
  3 skeletal warriors (D:13)
  A lindwurm (Lair:6)
  A wizard (D:13)
  A deep elf archer (D:13)
  Pikel (D:6)
  A deep elf pyromancer (D:11)
  An orc knight (D:13)
  5 ugly things
  4 cyclopes
  4 manticores
  4 orc sorcerers
  A will-o-the-wisp (Abyss:2)
  10 elephants
  A merfolk siren (Lair:4)
  2 centaur zombies (D:11)
  2 black mambas
  Maurice (D:11)
  7 cane toads
  Maggie (D:8)
  A smoke demon (Abyss:2)
  Psyche (D:10)
  A gargoyle (D:13)
  9 komodo dragons
  An efreet (D:13)
  A tengu conjurer (D:13)
  3 trolls
  A polar bear (Lair:6)
  7 blink frogs (Lair:6)
  3 merfolk (Lair:4)
  15 slime creatures
  Sigmund (D:2)
  A vampire (D:13)
  A shadow (D:9)
  3 flying skulls (Abyss:2)
  4 redbacks (Lair:2)
  3 small abominations (Abyss:2)
  54 yaks
  2 wyverns
  A wraith (D:11)
  2 steam dragons
  8 vampire mosquitoes
  4 basilisks
  2 wargs (Orc:1)
  An acid dragon (D:11)
  14 water moccasins
  Edmund (D:5)
  A hornet zombie (D:6)
  A sky beast (D:7)
  2 ice beasts
  2 black bears
  11 orc warriors
  A necrophage (D:8)
  4 centaurs
  14 ogres
  16 wolves
  3 lemures (D:6)
  A phantom (D:7)
  2 kobold brigands
  Blork the orc (D:5)
  12 bullfrogs
  2 scorpions (D:6)
  2 gnoll sergeants
  A water moccasin zombie (D:5)
  2 wyvern skeletons (D:6)
  5 killer bees (D:8)
  4 electric eels (D:12)
  5 howler monkeys
  A bullfrog zombie (D:6)
  12 orc priests
  2 hounds
  A gnoll shaman (D:9)
  2 bullfrog skeletons (D:6)
  A jelly (D:7)
  Jessica (D:2)
  Ijyb (D:3)
  3 iguanas
  14 orc wizards
  2 hound skeletons
  4 howler monkey zombies
  Robin (D:2)
  2 howler monkey skeletons
  6 adders
  28 gnolls
  3 white imps
  A worm (D:2)
  2 dart slugs
  40 orcs
  4 endoplasms
  6 giant cockroaches
  31 goblins
  14 hobgoblins
  5 jackals
  25 kobolds
  5 quokkas
  9 ball pythons
  7 bats
  4 frilled lizards
  7 rats
  A spectral orc (D:8)
  3 starspawn tentacles (Abyss:2)
602 creatures vanquished.

Vanquished Creatures (others)
  A flying skull (D:13)
  2 foxfires (Abyss:2)
  10 fungi
  22 plants
  2 starspawn tentacles (Abyss:2)
37 creatures vanquished.

Grand Total: 639 creatures vanquished

Notes
Turn   | Place    | Note
-------+----------+-------------------------------------------
     0 | D:1      | Kinoniko the Palentonga Berserker began the quest for the
                  | Orb.
     0 | D:1      | Reached XP level 1. HP: 19/19 MP: 1/1
   346 | D:1      | Reached XP level 2. HP: 22/25 MP: 2/2
   555 | D:1      | Reached ** piety under Trog
   556 | D:1      | Reached skill level 4 in Long Blades
   712 | D:1      | Found a faded altar of an unknown god.
  1029 | D:2      | Noticed Jessica
  1051 | D:2      | Killed Jessica
  1052 | D:2      | Reached XP level 3. HP: 31/31 MP: 3/3
  1210 | D:2      | Noticed Sigmund
  1225 | D:2      | Killed Sigmund
  1226 | D:2      | Reached skill level 6 in Long Blades
  1226 | D:2      | Reached XP level 4. HP: 36/37 MP: 4/4
  1226 | D:2      | Reached XP level 5. HP: 42/43 MP: 5/5
  1469 | D:2      | Noticed Robin
  1482 | D:2      | Killed Robin
  1718 | D:2      | Found Xaunoqep's Antique Armour Shoppe.
  2004 | D:3      | Identified a scroll of acquirement
  2005 | D:3      | Acquired a +1 barding of cold resistance
  2032 | D:3      | Reached XP level 6. HP: 50/50 MP: 6/6
  2034 | D:3      | Found a glowing drain.
  2047 | Sewer    | Entered a sewer
  2083 | Sewer    | Noticed a water moccasin
  2104 | Sewer    | Killed a water moccasin
  2104 | Sewer    | Reached *** piety under Trog
  2105 | Sewer    | Reached skill level 7 in Long Blades
  2201 | D:3      | Found a blossoming altar of Fedhas.
  2869 | D:3      | Noticed Ijyb
  2878 | D:3      | Killed Ijyb
  2998 | D:4      | Noticed an orc warrior
  3007 | D:3      | Reached skill level 8 in Long Blades
  3007 | D:3      | Gained mutation: You curl defensively after being hit.
                  | [Palentonga growth]
  3007 | D:3      | Reached XP level 7. HP: 55/55 MP: 7/7
  3302 | D:4      | Reached **** piety under Trog
  3783 | D:4      | Reached skill level 9 in Long Blades
  4204 | D:4      | Found a staircase to the Ecumenical Temple.
  4215 | Temple   | Entered the Ecumenical Temple
  4553 | D:5      | Entered Level 5 of the Dungeon
  4611 | D:5      | Noticed a wyvern
  4627 | D:5      | Killed a wyvern
  4628 | D:5      | Reached skill level 10 in Long Blades
  4628 | D:5      | Reached XP level 8. HP: 31/62 MP: 8/8
  4806 | D:5      | Noticed Blork the orc
  4816 | D:5      | Killed Blork the orc
  4953 | D:5      | Noticed Edmund
  4963 | D:5      | Killed Edmund
  4964 | D:5      | Reached skill level 11 in Long Blades
  5451 | D:6      | Reached XP level 9. HP: 54/67 MP: 9/9
  5483 | D:6      | Reached ***** piety under Trog
  5484 | D:6      | Reached skill level 12 in Long Blades
  5630 | D:6      | Found a shadowy altar of Dithmenos.
  5630 | D:6      | Found a glowing golden altar of the Shining One.
  5638 | D:6      | Found a snail-covered altar of Cheibriados.
  5640 | D:6      | Found a white marble altar of Elyvilon.
  5642 | D:6      | Found an iron altar of Okawaru.
  5784 | D:6      | Noticed Pikel
  5797 | D:6      | Killed Pikel
  5798 | D:6      | Reached skill level 13 in Long Blades
  6048 | D:7      | Found Xitaedaf's Distillery.
  6074 | D:7      | Found a hide-covered altar of Uskayaw.
  6116 | D:7      | Found a flagged portal.
  6399 | D:7      | Found a sacrificial altar of Ru.
  6532 | D:7      | Found a bloodstained altar of Trog.
  7132 | D:8      | Noticed Maggie
  7152 | D:8      | Killed Maggie
  7153 | D:8      | Reached skill level 14 in Long Blades
  7153 | D:8      | Reached XP level 10. HP: 29/74 MP: 10/10
  7174 | D:8      | Noticed Harold
  7188 | D:8      | Killed Harold
  7260 | D:8      | Found Pagerr's Assorted Antiques.
  7269 | D:8      | Bought a scroll of identify for 40 gold pieces
  7269 | D:8      | Bought a scroll of identify for 40 gold pieces
  7269 | D:8      | Bought a glowing chain mail for 150 gold pieces
  7767 | D:8      | Found an ornate altar of the Wu Jian Council.
  7896 | D:8      | Found a basalt altar of Yredelemnul.
  8171 | D:9      | Noticed a two-headed ogre
  8205 | D:8      | Reached skill level 5 in Fighting
  8268 | D:9      | Killed a two-headed ogre
  8269 | D:9      | Reached skill level 15 in Long Blades
  8280 | D:9      | Received a gift from Trog
  8464 | D:9      | Found Fituutt's Antique Weapon Boutique.
  8544 | D:9      | Found a staircase to the Lair.
  8726 | D:9      | Reached XP level 11. HP: 86/86 MP: 11/11
  8971 | D:9      | Found a shimmering altar of Xom.
  9284 | D:10     | Entered Level 10 of the Dungeon
  9326 | D:10     | Noticed Psyche
  9341 | D:10     | Killed Psyche
  9592 | D:10     | Found a hazy altar of Hepliaklqana.
 10338 | Lair:1   | Entered Level 1 of the Lair of Beasts
 10371 | Lair:1   | Reached skill level 16 in Long Blades
 11134 | Lair:1   | Noticed an oklob plant
 11134 | Lair:1   | Noticed an oklob plant
 11626 | Lair:2   | Found a hole to the Spider Nest.
 11765 | Lair:2   | Found the +8 demon blade "Leech" {vamp, *Rage +Rage rN+}
 11905 | Lair:2   | You fall into a shaft and drop 1 floor!
 11908 | Lair:3   | Noticed a boulder beetle
 11918 | Lair:3   | Killed a boulder beetle
 12013 | Lair:3   | Reached XP level 12. HP: 100/100 MP: 12/12
 12015 | Lair:3   | Reached skill level 17 in Long Blades
 12075 | Lair:3   | Noticed a six-headed hydra
 12097 | Lair:3   | Killed an 11-headed hydra
 12402 | Lair:3   | Noticed a boulder beetle
 12414 | Lair:3   | Killed a boulder beetle
 12949 | Lair:3   | Noticed Sonja
 12959 | Lair:3   | Killed Sonja
 13303 | Lair:4   | Reached ****** piety under Trog
 13395 | Lair:4   | Found a staircase to the Shoals.
 13405 | Lair:4   | Noticed a six-headed hydra
 13422 | Lair:4   | Killed a ten-headed hydra
 13423 | Lair:4   | Reached skill level 10 in Fighting
 13651 | Lair:4   | Noticed an eight-headed hydra
 13660 | Lair:4   | Killed a 13-headed hydra
 13766 | Lair:4   | Noticed a six-headed hydra
 13774 | Lair:4   | Killed an 11-headed hydra
 14284 | Lair:5   | Noticed Snorg
 14295 | Lair:5   | Killed Snorg
 14352 | Lair:5   | Noticed a six-headed hydra
 14360 | Lair:5   | Killed a nine-headed hydra
 14429 | Lair:5   | Identified the ring of Ereuff {rElec rN+ Dex+4}
 14454 | Lair:5   | Found a staircase to the Slime Pits.
 14479 | Lair:5   | Reached XP level 13. HP: 112/112 MP: 13/13
 15024 | Lair:6   | Entered Level 6 of the Lair of Beasts
 15165 | Lair:6   | Received a gift from Trog
 15438 | Lair:6   | Reached skill level 5 in Dodging
 15441 | Lair:6   | Reached skill level 5 in Armour
 16007 | Lair:6   | Reached XP level 14. HP: 125/126 MP: 14/14
 16140 | Lair:6   | Identified the Reference Book on Supportive Fire
 16753 | D:11     | Found a staircase to the Orcish Mines.
 16874 | D:11     | Reached skill level 1 in Evocations
 16928 | D:11     | Identified the +2 leather armour of Moral Flaws {Str+2}
 17112 | D:11     | Found Zyc Isch's General Store.
 17124 | D:11     | Bought a scroll of identify for 26 gold pieces
 17141 | D:11     | Noticed Maurice
 17146 | D:11     | Killed Maurice
 18844 | D:13     | Found Vuzus's Antique Armour Shoppe.
 18856 | D:13     | Bought a masterwork chain mail for 275 gold pieces
 18856 | D:13     | Identified the +6 chain mail of the Abyss {Dex+4} (You
                  | bought it in a shop on level 13 of the Dungeon)
 18912 | D:13     | Identified the +1 chain mail of Asseaf {Harm Rampage Int-2}
 18954 | D:13     | Received a gift from Trog
 19166 | D:13     | Found a runed translucent door.
 19285 | D:13     | Reached skill level 5 in Evocations
 19337 | D:13     | Cast into level 2 of the Abyss (a wizard)
 19407 | Abyss:2  | Found a snail-covered altar of Cheibriados.
 19417 | Abyss:2  | Noticed a starcursed mass
 19428 | Abyss:2  | Reached XP level 15. HP: 135/135 MP: 15/15
 19505 | Abyss:2  | Noticed a tentacled starspawn
 19520 | Abyss:2  | Killed a tentacled starspawn
 19606 | D:13     | Escaped the Abyss
 19730 | D:13     | Found a gate to the Vaults.
 20530 | Orc:1    | Entered Level 1 of the Orcish Mines
 20684 | Orc:1    | Reached skill level 15 in Fighting
 20850 | Orc:1    | Found a bloodstained altar of Trog.
 21237 | Orc:2    | Entered Level 2 of the Orcish Mines
 21259 | Orc:2    | Found a staircase to the Elven Halls.
 21382 | Orc:2    | Received a gift from Trog
 21409 | Orc:2    | Paralysed by an ogre mage for 3 turns
 21420 | Orc:2    | Paralysed by an ogre mage for 7 turns
 21427 | Orc:2    | HP: 3/138 [two-headed ogre/+0 giant club (8)]
 21432 | Orc:2    | HP: 5/138 [two-headed ogre/+0 giant club (3)]
 21432 | Orc:2    | Mangled by a two-headed ogre

Illustrated notes

Levels and vault maps discovered:
D:1:      evilmike_arrival_plus, layout_rooms,
          hellmonk_ecumenical_altar_slurped_away, due_unseen_surprise
D:2:      layout_basic, serial_shops, nicolae_shop_crystal, serial_park_tiny_1,
          uniq_sigmund, uniq_jessica, uniq_robin
D:3:      kennysheep_goblin_castle, layout_rooms, fedhas_altar_3,
          portal_sewer_entry_d, minivault_5, hangedman_decor_points,
          minmay_unequal
D:4:      corexii_shantytown, layout_basic, minmay_temple_entry_junction
D:5:      layout_rooms, uniq_edmund, uniq_blork_the_orc
D:6:      layout_rooms, chequers_temple_overflow_minitemple, uniq_pikel
D:7:      layout_gridville, nicolae_ru_path_of_blood, lightli_temple_of_fire,
          lemuel_crystal_altar, serial_shops, shop, enter_bailey_7,
          minmay_unpleasant_kobolds
D:8:      layout_basic, yredelemnul_forgotten_temple_becter, lemuel_tele_altar,
          serial_shops, shop, uniq_maggie, uniq_harold
D:9:      layout_long_grid, overflow_temple_1_default, lair_entry_dummy,
          serial_shops, shop
D:10:     layout_loops_corners, worldfamousw_hep_ancestral_shrine, uniq_psyche
D:11:     minmay_the_grid_plus_closed [minmay_the_grid_doors,
          minmay_the_grid_fan, minmay_the_grid_tri_star,
          minmay_the_grid_broken_lines, minmay_the_grid_prize_big_room],
          layout_rooms, orc_0_dummy, serial_shops, shop, uniq_maurice
D:12:     layout_roguey, grunt_ministairs_11, chequers_big_river
D:13:     gammafunk_indiana_jones, layout_grid_maze,
          grunt_vaults_entry_fortified, serial_shops,
          nicolae_shop_overgrown_old_shop
Temple:   compressed_dpeg_triangle_lava_temple
Lair:1:   layout_cave_pods, beast_lair_carwin_4, grunt_megastairs_1,
          minmay_lair_oklob_chamber
Lair:2:   layout_cave_pods, spider_nest_entry_webs, basic_altar
Lair:3:   layout_layer_cave, grunt_megastairs_4, serial_bayou_shore_b,
          uniq_sonja
Lair:4:   layout_roguey, elwin_shoals_entry_stream
Lair:5:   layout_regular_city, slime_dummy, uniq_snorg
Lair:6:   evilmike_catoblepas_cave, layout_misc_corridors
Orc:1:    layout_diamond_mine, basic_altar, hellmonk_bongcloud_opening
Orc:2:    st_orc_ogre_mass, layout_diamond_mine, statue_in_the_mist_lemuel

Skill      XL: |  1  2  3  4  5  6  7  8  9 10 11 12 13 14 15 |
---------------+----------------------------------------------+-----
Long Blades    | 4 6 8 10 11 14 15 16 17 | 17.7
Fighting       | 6 8 10 13 14 15 | 15.2
Armour         | 3 5 7 |  7.9
Dodging        | 3 5 7 |  7.9
Evocations     | 5 7 |  7.1

Action                   |  1- 3 |  4- 6 |  7- 9 | 10-12 | 13-15 || total
-------------------------+-------+-------+-------+-------+-------++-------
Melee: Falchion          |    75 |   158 |    67 |       |       ||   300
       Tailslap          |     8 |    17 |    50 |   105 |   183 ||   363
       Long sword        |       |       |   117 |       |       ||   117
       Scimitar          |       |       |   174 |   316 |       ||   490
       Demon blade       |       |       |       |   187 |   827 ||  1014
Invok: Berserk           |     4 |     7 |    17 |    22 |    11 ||    61
 Abil: Rolling Charge    |       |       |       |     1 |     2 ||     3
  Use: Scroll            |       |     7 |     7 |     4 |    12 ||    30
       Potion            |       |       |     3 |     1 |     2 ||     6
 Stab: Sleeping          |       |       |     1 |       |       ||     1
Armor: Ring mail         |    34 |   104 |    30 |       |       ||   168
       Scale mail        |       |       |    58 |       |       ||    58
       Leather armour    |       |       |    77 |    10 |       ||    87
       Chain mail        |       |       |       |   368 |   443 ||   811
Dodge: Dodged            |    27 |    71 |    84 |    87 |   186 ||   455
Block: Other             |       |    28 |       |       |       ||    28
       Reflection        |       |     1 |       |       |       ||     1
       Rpst.: Falchion   |     6 |    27 |     6 |       |       ||    39
       Long sword        |       |       |     7 |       |       ||     7
       Scimitar          |       |       |    15 |    11 |       ||    26
       Demon blade       |       |       |       |     7 |    41 ||    48

Table legend: (Time is in decaauts)
 A = Elapsed time spent in this place.
 B = Non-inter-level travel time spent in this place.
 C = Inter-level travel time spent in this place.
 D = Time resting spent in this place.
 E = Time spent auto-exploring this place.
 F = Levels seen in this place.
 G = Mean time per level.
                   A        B        C        D        E       F      G
               +--------+--------+--------+--------+--------+-----+--------+
         Total |  21654 |  20572 |   1082 |   4846 |  12696 |  24 |  902.2 |
       Dungeon |  13812 |  13164 |    648 |   3193 |   8021 |  13 | 1062.5 |
        Temple |    304 |    288 |     16 |      0 |    288 |   1 |  304.0 |
          Lair |   6225 |   5836 |    389 |   1335 |   3791 |   6 | 1037.5 |
  Orcish Mines |    891 |    863 |     28 |    171 |    514 |   2 |  445.5 |
         Abyss |    272 |    272 |      0 |     99 |     25 |   1 |  272.0 |
         Sewer |    147 |    147 |      0 |     47 |     56 |   1 |  147.0 |
               +--------+--------+--------+--------+--------+-----+--------+

Top non-repeatable levels by time:
    D:13: 1657 daAuts
  Lair:6: 1491 daAuts
  Lair:3: 1378 daAuts
     D:4: 1307 daAuts
     D:8: 1238 daAuts
     D:9: 1125 daAuts
    D:12: 1108 daAuts
     D:1: 1068 daAuts
    D:10: 1051 daAuts
  Lair:1: 1042 daAuts
     D:7: 1038 daAuts
  Lair:4: 1013 daAuts
     D:2: 984 daAuts
     D:3: 898 daAuts
    D:11: 848 daAuts
